 Dungeon Crawl Stone Soup version 0.18.1-50-g88ac8fd (webtiles) character file.

210 sleepydude the Skirmisher (level 5, -3/72 HPs)
             Began as a Minotaur Berserker on Oct 18, 2016.
             Was a Believer of Trog.
             Killed from afar by an orc wizard (7 damage)
             ... with a puff of frost
             ... on level 3 of the Dungeon.
             The game lasted 00:04:54 (1852 turns).

sleepydude the Skirmisher (Minotaur Berserker)      Turns: 1852, Time: 00:04:55

Health: -3/72      AC:  9    Str: 28    XL:     5   Next: 56%
Magic:  4/4        EV:  9    Int:  4    God:    Trog [**....]
Gold:   127        SH:  2    Dex:  9    Spells: 0 memorised, 4 levels left

rFire  . . .     SeeInvis .     s - +4 flail
rCold  . . .     Gourm    .     u - +0 chain mail
rNeg   . . .     Faith    .     d - +0 buckler (curse)
rPois  .         Spirit   .     (helmet restricted)
rElec  .         Dismiss  .     (no cloak)
rCorr  +         Reflect  .     (no gloves)
SustAt .         Harm     .     (no boots)
MR     .....                    (no amulet)
Stlth  ..........               (no ring)
                                r - ring of resist corrosion

@: berserking, very quick, not resistant to hostile enchantments, extremely
unstealthy
A: retaliatory headbutt, horns 2
a: Berserk, Trog's Hand, Burn Spellbooks, Renounce Religion


You were on level 3 of the Dungeon.
You worshipped Trog.
Trog was pleased with you.
You were not hungry.

You visited 1 branch of the dungeon, and saw 3 of its levels.

You collected 127 gold pieces.

Inventory:

Hand Weapons
 a - a +0 mace
 s - a +4 flail (weapon)
Armour
 d - a cursed +0 buckler (worn)
 u - a +0 chain mail (worn)
Jewellery
 r - a ring of resist corrosion (left hand)
Scrolls
 b - a scroll of random uselessness {unknown}
 e - a scroll of noise {unknown}
 g - a scroll of enchant armour {unknown}
 h - a scroll of magic mapping {unknown}
 i - a scroll of fear {unknown}
 j - 2 scrolls of recharging {unknown}
 k - 2 scrolls of identify {unknown}
 n - a scroll of remove curse {unknown}
 o - a scroll of fog {unknown}
 q - 2 scrolls of enchant weapon {unknown}
Potions
 m - 2 potions of degeneration {unknown}
 p - 3 potions of resistance {unknown}
 t - a potion of might {unknown}
 v - a potion of curing {unknown}
Comestibles
 c - 3 bread rations
 l - a beef jerky


   Skills:
 + Level 5.1 Fighting
 + Level 4.9 Maces & Flails
 + Level 3.8 Armour
 + Level 3.7 Dodging


You had 4 spell levels left.
You didn't know any spells.

Dungeon Overview and Level Annotations

Branches:
Dungeon (3/15)

Altars:
Makhleb
Okawaru
Xom
The Shining One


Innate Abilities, Weirdness & Mutations

You reflexively headbutt those who attack you in melee.
You have a pair of horns on your head.


Message History

Something hits you but does no damage.
A red film seems to cover your vision as you go berserk!
You feel yourself moving faster!
You feel mighty!
You feel somewhat more hungry.
Something hits you but does no damage. x2
You barely miss something.
You hear some strange, mumbled words.
A puff of flame appears from out of thin air!
The puff of flame hits you!
* * * LOW HITPOINT WARNING * * *
You closely miss something. Your headbutt misses something.
Something hits you but does no damage.
You hear some strange, mumbled words.
A puff of flame appears from out of thin air!
The puff of flame hits you!
* * * LOW HITPOINT WARNING * * *
You closely miss something.
You hear some strange, mumbled words.
A puff of frost appears from out of thin air!
The puff of frost hits you!
You die...

###.########
#..........#
.#..........#
............#
....$.......######
........>........#
#........†!.....#
#........{@.....#
#.....<..).######
#.>........#
............#
#############


There were no monsters in sight!

Vanquished Creatures
  An orc priest (D:3)
  Jessica (D:2)
  Terence (D:2)
  4 adders (D:2)
  3 gnolls (D:2)
  An ooze (D:2)
  2 worms (D:2)
  3 dart slugs
  A giant gecko (D:1)
  2 orcs (D:3)
  8 bats
  3 giant cockroaches
  6 goblins
  4 hobgoblins
  A quokka (D:3)
  A giant newt (D:1)
  7 kobolds
  2 rats
51 creatures vanquished.

Notes
Turn   | Place    | Note
--------------------------------------------------------------
     0 | D:1      | sleepydude the Minotaur Berserker began the quest for the Orb.
     0 | D:1      | Reached XP level 1. HP: 19/19 MP: 0/0
   163 | D:1      | Reached XP level 2. HP: 20/27 MP: 1/1
   777 | D:1      | Reached skill level 4 in Fighting
  1049 | D:1      | Reached XP level 3. HP: 33/33 MP: 2/2
  1093 | D:1      | Reached ** piety under Trog
  1101 | D:2      | Found a shimmering altar of Xom.
  1131 | D:2      | Found a burning altar of Makhleb.
  1189 | D:2      | Reached XP level 4. HP: 17/40 MP: 3/3
  1422 | D:2      | Noticed Terence
  1434 | D:2      | Killed Terence
  1510 | D:2      | Noticed Jessica
  1521 | D:2      | Killed Jessica
  1521 | D:2      | Reached XP level 5. HP: 42/47 MP: 4/4
  1607 | D:2      | Found a glowing golden altar of the Shining One.
  1613 | D:2      | Found an iron altar of Okawaru.
  1633 | D:2      | Reached skill level 5 in Fighting
  1852 | D:3      | Killed from afar by an orc wizard

Skill      XL: |  1  2  3  4  5 |
---------------+----------------+-----
Maces & Flails | 4 |  4.9
Armour         | 3 |  3.8
Fighting       | 4 5 |  5.1
Dodging        | 3 |  3.7

Action                   |  1- 3 |  4- 6 || total
-------------------------+-------+-------++-------
Melee: Mace              |    63 |     4 ||    67
       Headbutt          |    10 |     3 ||    13
       Flail             |       |    46 ||    46
Invok: Berserk           |     1 |     2 ||     3
  Eat: Chunk             |       |     5 ||     5
Armor: Leather armour    |    20 |       ||    20
       Animal skin       |     5 |       ||     5
       Chain mail        |       |    48 ||    48
Dodge: Dodged            |    40 |    30 ||    70
Block: Buckler           |     8 |     2 ||    10
